AoeStats
← Ege

Arabia

511596167Analyzed
2v2 RM · 11d ago on Oct 5, 2026· 76m 29s· 4 players
Game mode
Random Map
Map size
Medium (4 player)
Population
200
Speed
Normal
Resources
Standard
Victory
Conquest
Starting age
Dark Age
Ending age
Imperial Age
RankedLock teamsTeams togetherTeam positionsShared explorationLock speedFull tech treeHidden civsTurbo modeCheats
Victory
Defeat
🇹🇷 Byzantines · Türkiye
716
+16
🇦🇹 Italians · Austria
709
+17
vs
🇹🇷 Malay · Türkiye
740
-17
🇹🇷 Saxons · Türkiye
708
-16
Alaz
10:02 Feudal Age
10:29 Double-Bit Axe
12:13 Horse Collar
20:35 Castle Age
19:30 Forging
21:16 Heavy Plow
22:42 Bow Saw
23:30 Iron Casting
22:46 Fletching
22:35 Elite Skirmisher
24:18 Thumb Ring
26:12 Wheelbarrow
27:21 Bodkin Arrow
27:26 Padded Archer Armor
27:43 Stone Mining
29:51 Leather Archer Armor
30:22 Ballistics
32:17 Scale Barding Armor
32:53 Hand Cart
32:42 Husbandry
34:18 Chain Barding Armor
38:38 Imperial Age
36:17 Gold Mining
37:10 Crossbowman
40:27 Two-Man Saw
39:58 Crop Rotation
39:55 Logistica
39:49 Heavy Cavalry Archer
41:10 Plate Barding Armor
40:36 Bracer
41:06 Ring Archer Armor
41:52 Hoardings
42:26 Chemistry
42:22 Arbalester
43:50 Gold Shaft Mining
42:37 Elite Cataphract
56:28 Elite Skirmisher
64:03 Light Cavalry
66:19 Hussar
Not at work4898
10:21 Feudal Age
11:23 Double-Bit Axe
11:21 Horse Collar
21:13 Castle Age
22:54 Heavy Plow
24:04 Padded Archer Armor
23:55 Fletching
41:29 Imperial Age
48:58 Ballistics
49:39 Silk Road
51:02 Chemistry
51:07 Squires
52:45 Bodkin Arrow
53:06 Leather Archer Armor
53:58 Bracer
54:20 Conscription
56:52 Ring Archer Armor
57:32 Forging
57:27 Scale Mail Armor
62:54 Thumb Ring
63:30 Iron Casting
63:11 Chain Mail Armor
67:31 Plate Mail Armor
71:11 Caravan
Ege
8:10 Loom
11:05 Feudal Age
16:38 Castle Age
16:57 Wheelbarrow
16:54 Stone Mining
16:56 Double-Bit Axe
17:06 Horse Collar
22:11 Forging
22:38 Fletching
24:13 Gold Mining
24:58 Stone Shaft Mining
24:27 Heavy Plow
27:00 Iron Casting
32:15 Gold Shaft Mining
31:53 Bow Saw
37:16 Bodkin Arrow
42:11 Imperial Age
44:06 Blast Furnace
44:44 Elite Skirmisher
45:31 Thumb Ring
45:27 Bracer
45:28 Padded Archer Armor
47:30 Ballistics
47:07 Murder Holes
49:13 Crop Rotation
49:07 Leather Archer Armor
52:09 Chemistry
52:39 Ring Archer Armor
63:28 Man-at-Arms
64:12 Squires
64:14 Long Swordsman
65:18 Two-Handed Swordsman
Glasgow Kiss
4:58 Loom
9:27 Feudal Age
10:06 Double-Bit Axe
19:46 Castle Age
24:27 Horse Collar
28:10 Scale Mail Armor
28:23 Forging
28:12 Murder Holes
30:01 Squires
31:12 Arson
33:34 Ballistics
33:54 Iron Casting
33:25 Scale Barding Armor
33:37 Chain Mail Armor
33:13 Elite Skirmisher
33:59 Thumb Ring
36:21 Wheelbarrow
38:30 Padded Archer Armor
41:49 Imperial Age
41:52 Elite Hearth Troop
41:56 Elite Varangian Guard
44:01 Chemistry
43:18 Fletching
44:27 Bodkin Arrow
46:15 Leather Archer Armor
49:44 Ring Archer Armor
49:46 Plate Mail Armor
48:39 Shield Wall
49:50 Pikeman
53:08 Halberdier
66:23 Bracer
Connection lost

Rejoining the realm…

Still unreachable

The connection could not be restored.

Session expired

The server has moved on; the page needs a fresh start.